 Dungeon Crawl Stone Soup version 0.31.0-32-g396128a36d (webtiles) character file.

Game seed: 2141687950982395917

572 Curundu the Chopper (level 7, -2/55 (62) HPs)
             Began as a Minotaur Berserker on Mar 22, 2024.
             Was a Believer of Trog.
             Slain by a gnoll
             ... wielding a +0 spear
             ... led by a gnoll bouda
              (7 damage)
             ... on level 5 of the Dungeon.
             The game lasted 00:10:32 (3178 turns).

Curundu the Chopper (Minotaur Berserker)            Turns: 3178, Time: 00:10:35

HP:   -2/55 (62)    AC: 11    Str: 29    XL:     7   Next: 12%
MP:   6/6           EV: 10    Int:  4    God:    Trog [**....]
Gold: 146           SH:  0    Dex: 10    Spells: 6/6 levels left

rFire   . . .        a - +1 hand axe
rCold   . . .        (no shield)
rNeg    . . .        k - +0 chain mail
rPois   +            (helmet restricted)
rElec   .            n - +0 cloak
rCorr   .            g - +0 pair of gloves
SInv    .            (no boots)
Will    .....        (no amulet) Stlth
                     d - +6 ring of strength
HPRegen 0.29/turn    s - ring of poison resistance
MPRegen 0.10/turn

%: no passive effects
@: heavily drained
A: horns 2, retaliatory headbutt
a: Renounce Religion, Berserk, Trog's Hand


You were on level 5 of the Dungeon.
You worshipped Trog.
Trog was pleased with you.
You visited 1 branch of the dungeon, and saw 7 of its levels.

You collected 146 gold pieces.

Inventory:

Hand Weapons
 a - a +1 hand axe (weapon)
Missiles
 i - 2 boomerangs (quivered)
Armour
 g - a +0 pair of gloves (worn)
 k - a +0 chain mail (worn)
 n - a +0 cloak (worn)
Jewellery
 d - a +6 ring of strength (left hand)
 e - a ring of see invisible
 s - a ring of poison resistance (right hand)
Scrolls
 f - a scroll of enchant weapon
 h - 4 scrolls of identify
 j - a scroll of revelation {unknown}
 m - a scroll of acquirement {unknown}
 o - a scroll of teleportation {unknown}
 p - a scroll of fear {unknown}
 q - a scroll of poison {unknown}
 t - a scroll of immolation {unknown}
 v - a scroll of torment {unknown}
 w - a scroll of blinking {unknown}
 x - a scroll of silence {unknown}
Potions
 b - a potion of lignification {unknown}
 c - a potion of cancellation {unknown}
 l - 2 potions of degeneration
 r - a potion of ambrosia {unknown}
 u - a potion of brilliance {unknown}


   Skills:
 + Level 5.8 Fighting
 + Level 7.1 Axes
 + Level 4.1 Armour
 - Level 3.0 Dodging
 - Level 0.9 Stealth
 * Level 1.8 Shields


You had 6 spell levels left.
You didn't know any spells.
Your spell library was empty.

Dungeon Overview and Level Annotations

Branches:
Dungeon (7/15)
 Temple: D:4-7

Altars:

Shops:
D:1 [   D:4 *

Annotations:
D:6 Jeremiah


Innate Abilities, Weirdness & Mutations

You have a pair of horns on your head.
You reflexively headbutt those who attack you in melee.


Message History

The gnoll bouda moves out of view.
Found a book of Battle.
A dart slug comes into view.
The dart slug launches a dart at you. The slug dart hits you.
* * * LOW HITPOINT WARNING * * *
An adder comes into view.
The adder hisses angrily.
An iguana comes into view.
The iguana hisses angrily.
You hit the adder. Your headbutt misses the adder.
The adder is heavily wounded.
The adder misses you. You furiously retaliate!
You headbutt the adder!
You kill the adder!
Trog accepts your kill.
You see here an adder corpse.
You slash the dart slug!
You kill the dart slug!
Trog accepts your kill.
You barely miss the iguana. The iguana barely misses you.
The gnoll hits you from afar with a +0 spear.
* * * LOW HITPOINT WARNING * * *
You hit the iguana but do no damage.
The iguana bites you but does no damage.
The gnoll hits you but does no damage.
You closely miss the iguana. The iguana bites you!
* * * LOW HITPOINT WARNING * * *
The gnoll hits you from afar with a +0 spear.
* * * LOW HITPOINT WARNING * * *
Unknown command.
You hit the iguana.
The iguana is lightly wounded.
The iguana closely misses you. The gnoll barely misses you.
You slash the iguana! You punch the iguana, but do no damage.
The iguana is almost dead.
The iguana barely misses you.
The gnoll bouda barks out a call to the hunt!
The gnolls pick up the pace!
The gnoll hits you from afar with a +0 spear!
You die...

# #.#.### #
g.ggg..#### .#
#.>..## #.#+
####.g#####...####
#.gggg†@l⌠.....
##.#####...####
### #.#+ .# #


You could see a gnoll bouda, an iguana and 4 gnolls.

Vanquished Creatures
  Grinder (D:3)
  A sky beast (D:6)
  An ogre (D:3)
  A scorpion (D:4)
  A bombardier beetle (D:4)
  Terence (D:3)
  An adder (D:5)
  5 dart slugs
  3 ribbon worms
  2 endoplasms (D:1)
  5 giant cockroaches
  7 goblins
  8 hobgoblins
  9 kobolds
  5 quokkas
  7 ball pythons
  4 bats (D:1)
  4 frilled lizards
  2 rats (D:1)
68 creatures vanquished.

Notes
Turn   | Place    | Note
-------+----------+-------------------------------------------
     0 | D:1      | Curundu the Minotaur Berserker began the quest for the Orb.
     0 | D:1      | Reached XP level 1. HP: 19/19 MP: 0/0
   119 | D:1      | Reached XP level 2. HP: 17/27 MP: 1/1
   209 | D:1      | Found Lemuf's Armour Boutique.
   275 | D:1      | Reached skill level 4 in Axes
   529 | D:1      | Reached ** piety under Trog
   534 | D:1      | Reached XP level 3. HP: 21/33 MP: 2/2
   682 | D:1      | Found a faded altar of an unknown god.
  1771 | D:3      | Noticed an ogre
  1777 | D:3      | Killed an ogre
  1778 | D:3      | Reached skill level 5 in Axes
  1778 | D:3      | Reached XP level 4. HP: 27/41 MP: 3/3
  1778 | D:3      | Reached XP level 5. HP: 31/47 MP: 4/4
  2106 | D:3      | Noticed Terence
  2116 | D:3      | Killed Terence
  2249 | D:3      | Noticed Grinder
  2271 | D:3      | Killed Grinder
  2272 | D:3      | Reached skill level 5 in Fighting
  2272 | D:3      | Reached skill level 6 in Axes
  2272 | D:3      | Reached XP level 6. HP: 40/56 MP: 5/5
  2764 | D:4      | Reached skill level 1 in Shields
  2853 | D:4      | Found Saoreh's Assorted Antiques.
  2991 | D:4      | You fall into a shaft and drop 3 floors!
  3009 | D:7      | Noticed a kobold demonologist
  3013 | D:6      | Noticed a sky beast
  3026 | D:6      | Killed a sky beast
  3027 | D:6      | Reached skill level 7 in Axes
  3027 | D:6      | Reached XP level 7. HP: 36/62 MP: 6/6
  3113 | D:6      | Noticed Jeremiah
  3161 | D:5      | Entered Level 5 of the Dungeon
  3178 | D:5      | Slain by a gnoll

Illustrated notes

Levels and vault maps discovered:
D:1:      dpeg_arrival_central, layout_basic,
          hellmonk_ecumenical_altar_crossroads, serial_shops,
          nicolae_shop_temple_entry_statues_fountains
D:2:      layout_basic
D:3:      layout_loops_ring, uniq_grinder, uniq_terence
D:4:      layout_cave_pools, serial_shops, shop,
          nicolae_shop_tiny_real_fake_doors, nicolae_shop_tiny_real_fake_doors,
          hangedman_decor_peaks_small, serial_library_hellmonk_big_corner
D:5:      layout_rooms, grunt_temple_overflow_cloverleaf,
          lemuel_temple_firewalk_b, uniq_ijyb
D:6:      layout_loops_cross, mainiacjoe_overflow_concentric_impassable,
          mainiacjoe_ossuary_entry_find_the_door, kennysheep_big_empty_room,
          uniq_eustachio, uniq_jeremiah
D:7:      cheibrodos_barr_body, layout_basic, uniq_pikel

Skill      XL: |  1  2  3  4  5  6 |
---------------+-------------------+-----
Fighting       | 4 5 |  5.8
Axes           | 4 5 6 7 |  7.1
Armour         | 3 4 |  4.1
Dodging        | 3 |  3.0
Shields        | 1 |  1.8
Stealth        | |  0.9

Action                     |  1- 3 |  4- 6 |  7- 9 || total
---------------------------+-------+-------+-------++-------
  Melee: Hand axe          |   112 |    73 |    18 ||   203
         Headbutt          |    17 |    11 |     2 ||    30
         Punch             |       |       |     1 ||     1
 Invoke: Berserk           |     1 |     1 |       ||     2
         Trog's Hand       |       |     2 |     1 ||     3
    Use: Scroll            |       |       |     2 ||     2
 Armour: Animal skin       |    43 |       |       ||    43
         Chain mail        |    25 |    41 |    14 ||    80
  Dodge: Dodged            |    67 |    21 |    10 ||    98
